 Dungeon Crawl Stone Soup version 0.29.0-4-gdea44cf6ec (webtiles) character file.

Game seed: 1867376255555871863

5775 qw the Cleaver (level 10, -1/83 HPs)
             Began as a Minotaur Berserker on Sept 9, 2022.
             Was a Priest of Trog.
             Slain by an elephant (14 damage)
             ... on level 1 of the Lair of Beasts.
             The game lasted 00:03:07 (11343 turns).

qw the Cleaver (Minotaur Berserker)                Turns: 11343, Time: 00:03:08

Health: -1/83      AC: 15    Str: 25    XL:     10   Next: 50%
Magic:  9/9        EV:  9    Int: 10    God:    Trog [***...]
Gold:   215        SH: 16    Dex: 11    Spells: 9/9 levels left

rFire   . . .      SeeInvis .   Y - +0 war axe
rCold   . . .      Faith    .   i - +0 tower shield
rNeg    . . .      Spirit   .   e - +0 plate armour of Greed {Int+6}
rPois   +          Reflect  .   (helmet restricted)
rElec   .          Harm     .   a - +0 cloak {Will+}
rCorr   .          Rampage  .   k - +0 pair of gloves
Will    +....                   (no boots)
Stlth   ..........              (no amulet)
HPRegen 0.23/turn               g - ring of poison resistance
MPRegen 0.11/turn               r - +4 ring of evasion

@: about to teleport, on berserk cooldown, slowed, very slow
A: horns 2, retaliatory headbutt
a: Renounce Religion, Berserk, Trog's Hand


You were on level 1 of the Lair of Beasts.
You worshipped Trog.
Trog was most pleased with you.
You visited 2 branches of the dungeon, and saw 10 of its levels.

You collected 611 gold pieces.
You spent 396 gold pieces at shops.


Innate Abilities, Weirdness & Mutations

You have a pair of horns on your head.
You reflexively headbutt those who attack you in melee.


   Skills:
 + Level 6.1 Fighting
 - Level 12.1 Axes
 - Level 2.0 Throwing
 - Level 7.0 Armour
 - Level 2.1 Dodging
 - Level 12.0 Shields


You had 9 spell levels left.
You didn't know any spells.
Your spell library was empty.

Inventory:

Hand Weapons
 o - a +0 hand axe of flaming
 Y - a +0 war axe (weapon)
Missiles
 q - a boomerang (quivered)
Armour
 a - a +0 cloak of willpower (worn)
 e - the +0 plate armour of Greed (worn) {Int+6}
   (You found it on level 3 of the Dungeon)

   Int:       It affects your intelligence (+6).
 i - a +0 tower shield (worn)
 k - a +0 pair of gloves (worn)
Jewellery
 f - a +4 ring of protection
 g - a ring of poison resistance (left hand)
 r - a +4 ring of evasion (right hand)
Scrolls
 j - 2 scrolls of teleportation
 n - a scroll of identify
Potions
 b - 2 potions of haste
 c - a potion of might
 d - 2 potions of resistance
 l - 3 potions of heal wounds
 p - 5 potions of curing

Dungeon Overview and Level Annotations

Branches:
Dungeon (9/15)             Temple (0/1) D:6            Lair (1/5) D:9
    Orc: D:9-12

Altars:
Dithmenos
Fedhas
Hepliaklqana
Nemelex Xobeh
Okawaru
Ru
Sif Muna
Uskayaw
Vehumet
Xom
Yredelemnul
Zin
The Shining One

Shops:
D:9 =


Message History

You hit the elephant but do no damage. You slash the elephant!
You barely miss the basilisk. The basilisk bites you!
The elephant tramples you but does no damage.
The elephant barely misses you. You block the elephant's attack.
The elephant barely misses you.
Your limbs are stiffening.
You slash the elephant!
You feel the power of Trog in you as your rage grows.
You kill the elephant!
Trog accepts your kill.
You slash the basilisk!
You kill the basilisk!
Trog accepts your kill.
You barely miss the elephant. The elephant tramples you.
You stumble backwards!
You have turned to stone.
Your Armour skill gained 2 levels and is now at level 7!
The elephant tramples you!
You are shoved backwards!
The elephant completely misses you.
The elephant trunk-slaps you but does no damage.
The elephant tramples you but does no damage.
The elephant trunk-slaps you but does no damage.
The elephant tramples you but does no damage.
The elephant trunk-slaps you but does no damage.
You are no longer berserk.
You feel yourself slow down.
The elephant tramples you but does no damage.
The elephant trunk-slaps you but does no damage.
The elephant tramples you but does no damage.
The elephant completely misses you. The elephant tramples you.
You are shoved backwards!
The elephant tramples you but does no damage.
The elephant trunk-slaps you but does no damage.
The elephant tramples you!
You hold your ground!
The elephant trunk-slaps you but does no damage.
You turn to flesh and can move again.
11343 ||| READING 3 scrolls of teleportation.
As you read the scroll of teleportation, it crumbles to dust.
You feel strangely unstable. The elephant tramples you!
You die...

...# .# ...
.##### ...
.....#. ..
....... #.
.......
.#.......
###........
#..@.......
##.Y........ #
##............
#.#..%..........
#..%%..........
#..............
#..............
#......%.......
#..............


You could see an elephant.

Vanquished Creatures
  An ugly thing (D:9)
  4 elephants (Lair:1)
  Sigmund (D:4)
  4 yaks (D:9)
  2 wyverns (D:7)
  A basilisk (Lair:1)
  Menkaure (D:7)
  2 water moccasins
  Duvessa (D:7)
  2 black bears
  An orc warrior (D:8)
  An ice beast (D:5)
  3 ogres
  A phantom (D:4)
  A centaur (D:8)
  2 bullfrogs
  2 necrophages
  4 scorpions
  6 wights
  Dowan (D:7)
  A howler monkey (D:7)
  A jelly (D:7)
  4 hounds
  4 orc priests
  2 iguanas
  13 orc wizards
  A gnoll (D:1)
  5 adders
  A shadow imp (D:8)
  3 white imps
  2 worms (D:3)
  A dart slug (D:1)
  27 orcs
  7 ball pythons
  6 bats
  10 endoplasms
  A giant cockroach (D:1)
  8 goblins
  12 hobgoblins
  8 jackals
  4 quokkas (D:3)
  8 kobolds
  3 rats
173 creatures vanquished.

Notes
Turn   | Place    | Note
-------+----------+-------------------------------------------
     0 | D:1      | qw the Minotaur Berserker began the quest for the Orb.
     0 | D:1      | Reached XP level 1. HP: 19/19 MP: 0/0
     0 | D:1      | 0 ||| qw: Version: 0.1-a-113-g051387a
     0 | D:1      | 0 ||| qw: Game counter: 6926
     0 | D:1      | 0 ||| qw: Always use a shield: true
     0 | D:1      | 0 ||| qw: Do Orc after D:15 true
     0 | D:1      | 0 ||| qw: Do second Lair branch before Depths: true
     0 | D:1      | 0 ||| qw: Lair rune preference: random
     0 | D:1      | 0 ||| qw: Plans: Normal
     0 | D:1      | 0 ||| PLANNING D:1-11
    60 | D:1      | 60 ||| Stepping ~*~*~tactically~*~*~ (stealth).
   113 | D:1      | 113 ||| INVOKING Berserk.
   116 | D:1      | Reached XP level 2. HP: 26/26 MP: 1/1
   443 | D:1      | 443 ||| Stepping ~*~*~tactically~*~*~ (stealth).
   474 | D:1      | 474 ||| DROPPING +0 club.
   526 | D:1      | 526 ||| Stepping ~*~*~tactically~*~*~ (stealth).
   594 | D:1      | Reached XP level 3. HP: 31/31 MP: 2/2
   919 | D:1      | 919 ||| UPGRADING to +0 ring mail.
   929 | D:1      | 929 ||| DROPPING +0 animal skin.
   930 | D:1      | 930 ||| DRINKING 2 bubbling orange potions.
  1155 | D:2      | 1155 ||| Stepping ~*~*~tactically~*~*~ (stealth).
  1524 | D:2      | Reached ** piety under Trog
  1566 | D:2      | 1566 ||| UPGRADING to +0 pair of gloves.
  1571 | D:2      | 1571 ||| READING scroll labelled ARPHOE OGOCU.
  1571 | D:2      | Identified a scroll of acquirement
  1571 | D:2      | 1571 ||| ACQUIRING +0 cloak of willpower
  1571 | D:2      | Acquired a +0 cloak of willpower
  1573 | D:2      | 1573 ||| UPGRADING to +0 cloak of willpower.
  1578 | D:2      | 1578 ||| READING 3 scrolls labelled EKHUARA FAOTH.
  1584 | D:2      | Reached skill level 6 in Axes
  1584 | D:2      | Reached XP level 4. HP: 34/39 MP: 3/3
  1677 | D:3      | Found a shadowy altar of Dithmenos.
  1750 | D:3      | Found a hazy altar of Hepliaklqana.
  1759 | D:3      | You fall into a shaft and drop 2 floors!
  1759 | D:5      | Entered Level 5 of the Dungeon
  1761 | D:5      | 1761 ||| INVOKING Berserk.
  1762 | D:5      | 1762 ||| INVOKING Berserk.
  1873 | D:5      | Noticed an ice beast
  1879 | D:5      | 1879 ||| INVOKING Berserk.
  1883 | D:5      | Killed an ice beast
  1884 | D:5      | Reached XP level 5. HP: 45/45 MP: 4/4
  1981 | D:5      | 1981 ||| Stepping ~*~*~tactically~*~*~ (hiding).
  1983 | D:5      | 1983 ||| INVOKING Berserk.
  1988 | D:5      | Reached XP level 6. HP: 52/52 MP: 5/5
  2085 | D:5      | Identified the +0 chain mail of the Apothecary {rC+}
  2156 | D:5      | 2156 ||| INVOKING Berserk.
  2168 | D:5      | Reached skill level 9 in Axes
  2283 | D:5      | 2283 ||| DROPPING +0 whip.
  2293 | D:5      | Found a shimmering blue altar of Sif Muna.
  2354 | D:5      | Reached XP level 7. HP: 36/61 MP: 6/6
  2542 | D:5      | Found the +4 robe of Augmentation {Str+4 Int+4 Dex+4}
  2707 | D:5      | 2707 ||| UPGRADING to +0 plate armour.
  2717 | D:5      | 2717 ||| DROPPING +0 ring mail.
  2718 | D:5      | 2718 ||| DROPPING +0 chain mail of the Apothecary {rC+}.
  2719 | D:5      | 2719 ||| READING scroll labelled CYCAXKA LOLO.
  2864 | D:5      | 2864 ||| READING scroll labelled HYESCH OKHLIQO.
  2865 | D:5      | 2865 ||| DRINKING 2 lumpy blue potions.
  2866 | D:5      | 2866 ||| DRINKING 2 amethyst potions.
  2878 | D:4      | 2878 ||| INVOKING Berserk.
  2883 | D:4      | Reached skill level 3 in Armour
  3010 | D:4      | 3010 ||| INVOKING Berserk.
  3128 | D:3      | 3128 ||| Stepping ~*~*~tactically~*~*~ (stealth).
  3144 | D:3      | Identified the +0 plate armour of Greed {Int+6}
  3212 | D:3      | Found a basalt altar of Yredelemnul.
  3387 | D:3      | 3387 ||| Stepping ~*~*~tactically~*~*~ (stealth).
  3414 | D:3      | 3414 ||| Stepping ~*~*~tactically~*~*~ (stealth).
  3414 | D:3      | Found an iron altar of Okawaru.
  3415 | D:3      | 3415 ||| Stepping ~*~*~tactically~*~*~ (stealth).
  3416 | D:3      | 3416 ||| Stepping ~*~*~tactically~*~*~ (stealth).
  3417 | D:3      | 3417 ||| Stepping ~*~*~tactically~*~*~ (stealth).
  3540 | D:3      | Found a radiant altar of Vehumet.
  3753 | D:3      | 3753 ||| UPGRADING to +0 plate armour of Greed {Int+6}.
  3763 | D:3      | 3763 ||| DROPPING +0 plate armour.
  3764 | D:3      | 3764 ||| DRINKING 3 inky potions.
  3765 | D:3      | 3765 ||| DROPPING 2 potions of brilliance.
  4172 | D:2      | 4172 ||| UPGRADING to +0 tower shield.
  4177 | D:2      | 4177 ||| READING scroll labelled TIOSUE FIMNU.
  4345 | D:4      | Found a glowing golden altar of the Shining One.
  4376 | D:4      | Reached *** piety under Trog
  4413 | D:4      | 4413 ||| FLEEEEING.
  4414 | D:4      | 4414 ||| FLEEEEING.
  4415 | D:4      | 4415 ||| FLEEEEING.
  4416 | D:4      | 4416 ||| FLEEEEING.
  4417 | D:4      | 4417 ||| FLEEEEING.
  4420 | D:4      | 4420 ||| STAIRDANCE
  4480 | D:4      | 4480 ||| STAIRDANCE
  4486 | D:3      | 4486 ||| DROPPING +0 flail.
  4499 | D:4      | 4499 ||| STAIRDANCE
  4506 | D:3      | Reached skill level 1 in Shields
  5148 | D:4      | Reached skill level 3 in Shields
  5185 | D:4      | Noticed Sigmund
  5186 | D:4      | 5186 ||| Stepping ~*~*~tactically~*~*~ (hiding).
  5187 | D:4      | 5187 ||| Stepping ~*~*~tactically~*~*~ (hiding).
  5192 | D:4      | 5192 ||| INVOKING Berserk.
  5194 | D:4      | Killed Sigmund
  5195 | D:4      | Reached XP level 8. HP: 68/68 MP: 7/7
  5726 | D:4      | 5726 ||| READING scroll labelled IXOICHIPNO.
  5727 | D:4      | 5727 ||| READING scroll labelled QUVVIM OREI.
  5828 | D:4      | 5828 ||| DRINKING 2 blue potions.
  5829 | D:4      | 5829 ||| DRINKING 2 clear potions.
  5830 | D:4      | 5830 ||| DROPPING potion of degeneration.
  6103 | D:5      | 6103 ||| UPGRADING to ring of poison resistance.
  6104 | D:5      | 6104 ||| READING scroll labelled UTSIF XYEMITS.
  6264 | D:6      | Reached skill level 6 in Shields
  6302 | D:6      | Found a staircase to the Ecumenical Temple.
  6592 | D:6      | 6592 ||| READING scroll labelled LOGULA LEUFU.
  6593 | D:6      | 6593 ||| DROPPING +0 morningstar.
  6630 | D:6      | 6630 ||| INVOKING Berserk.
  6637 | D:6      | 6637 ||| STAIRDANCE
  6789 | D:7      | 6789 ||| STAIRDANCE
  7026 | D:7      | 7026 ||| INVOKING Berserk.
  7176 | D:7      | Noticed Menkaure
  7177 | D:7      | 7177 ||| Stepping ~*~*~tactically~*~*~ (hiding).
  7178 | D:7      | 7178 ||| Stepping ~*~*~tactically~*~*~ (hiding).
  7179 | D:7      | Noticed Duvessa
  7180 | D:7      | 7180 ||| Stepping ~*~*~tactically~*~*~ (stealth).
  7182 | D:7      | 7182 ||| INVOKING Berserk.
  7182 | D:7      | Noticed Dowan
  7187 | D:7      | Killed Menkaure
  7188 | D:7      | Reached skill level 9 in Shields
  7191 | D:7      | Killed Duvessa
  7192 | D:7      | Reached XP level 9. HP: 74/74 MP: 8/8
  7197 | D:7      | Killed Dowan
  7246 | D:7      | 7246 ||| Stepping ~*~*~tactically~*~*~ (stealth).
  7420 | D:7      | 7420 ||| Stepping ~*~*~tactically~*~*~ (hiding).
  7426 | D:7      | 7426 ||| Stepping ~*~*~tactically~*~*~ (hiding).
  7429 | D:7      | 7429 ||| INVOKING Berserk.
  7488 | D:7      | 7488 ||| FLEEEEING.
  7497 | D:7      | 7497 ||| Stepping ~*~*~tactically~*~*~ (stealth).
  7585 | D:7      | Found a sacrificial altar of Ru.
  7586 | D:7      | 7586 ||| SWAPPING to +0 war axe.
  7969 | D:7      | 7969 ||| INVOKING Berserk.
  8091 | D:7      | Found a sparkling altar of Nemelex Xobeh.
  8671 | D:7      | 8671 ||| READING scroll labelled DIMAOLL HIKAS.
  8672 | D:7      | 8672 ||| READING scroll labelled BAUVVI BAJO.
  8673 | D:7      | 8673 ||| READING scroll labelled SYCRYG UKOZEA.
  8674 | D:7      | 8674 ||| READING 2 scrolls of identify.
  8674 | D:7      | 8674 ||| IDENTIFYING sedimented puce potion
  8675 | D:7      | 8675 ||| DROPPING potion of berserk rage.
  8699 | D:8      | 8699 ||| STAIRDANCE
  8832 | D:8      | 8832 ||| Stepping ~*~*~tactically~*~*~ (hiding).
  8833 | D:8      | 8833 ||| Stepping ~*~*~tactically~*~*~ (hiding).
  8834 | D:8      | 8834 ||| Stepping ~*~*~tactically~*~*~ (hiding).
  8836 | D:8      | 8836 ||| Stepping ~*~*~tactically~*~*~ (hiding).
  8837 | D:8      | 8837 ||| Stepping ~*~*~tactically~*~*~ (hiding).
  8845 | D:8      | 8845 ||| STAIRDANCE
  8966 | D:8      | Found a hide-covered altar of Uskayaw.
  9022 | D:8      | 9022 ||| READING scroll of acquirement.
  9022 | D:8      | 9022 ||| ACQUIRING +4 ring of evasion
  9022 | D:8      | Acquired a +4 ring of evasion
  9024 | D:8      | 9024 ||| DROPPING ring of magical power.
  9044 | D:8      | 9044 ||| Stepping ~*~*~tactically~*~*~ (hiding).
  9050 | D:8      | 9050 ||| INVOKING Berserk.
  9216 | D:8      | 9216 ||| INVOKING Berserk.
  9370 | D:8      | 9370 ||| Stepping ~*~*~tactically~*~*~ (hiding).
  9660 | D:8      | 9660 ||| INVOKING Berserk.
  9662 | D:8      | Reached skill level 6 in Fighting
  9782 | D:8      | 9782 ||| DROPPING +2 vorpal hand axe.
  9974 | D:8      | 9974 ||| UPGRADING to +4 ring of evasion.
  9975 | D:8      | 9975 ||| READING 2 scrolls of identify.
  9975 | D:8      | 9975 ||| IDENTIFYING bubbling ruby potion
  9976 | D:8      | 9976 ||| DROPPING potion of flight.
 10042 | D:9      | Found a staircase to the Lair.
 10147 | D:9      | Noticed a purple ugly thing
 10160 | D:9      | Killed a purple ugly thing
 10282 | D:9      | Found Nummeh's Jewellery Boutique.
 10513 | D:9      | 10513 ||| Stepping ~*~*~tactically~*~*~ (hiding).
 10588 | D:9      | Found a snail-covered altar of Cheibriados.
 10590 | D:9      | Found a hide-covered altar of Uskayaw.
 10590 | D:9      | Found an ancient bone altar of Kikubaaqudgha.
 10592 | D:9      | Found an opulent altar of Gozag.
 10592 | D:9      | Found a shimmering altar of Xom.
 10592 | D:9      | Found a glowing silver altar of Zin.
 10637 | D:9      | 10637 ||| Stepping ~*~*~tactically~*~*~ (stealth).
 10640 | D:9      | 10640 ||| Stepping ~*~*~tactically~*~*~ (stealth).
 10645 | D:9      | 10645 ||| Stepping ~*~*~tactically~*~*~ (stealth).
 10652 | D:9      | Reached XP level 10. HP: 66/83 MP: 9/9
 10662 | D:9      | Reached skill level 12 in Shields
 10830 | D:9      | 10830 ||| BUYING +4 ring of protection (396 gold).
 10830 | D:9      | Bought a +4 ring of protection for 396 gold pieces
 10830 | D:9      | 10830 ||| SHOPLISTING amulet of regeneration (330 gold,
                  | have 215).
 10873 | D:9      | Found a blossoming altar of Fedhas.
 10950 | D:9      | 10950 ||| DRINKING 2 purple potions.
 10984 | D:9      | 10984 ||| READING 4 scrolls of identify.
 10984 | D:9      | 10984 ||| IDENTIFYING brown potion
 10985 | D:9      | 10985 ||| READING 3 scrolls of identify.
 10985 | D:9      | 10985 ||| IDENTIFYING ruby potion
 10986 | D:9      | 10986 ||| READING 2 scrolls of identify.
 10986 | D:9      | 10986 ||| IDENTIFYING sapphire potion
 10987 | D:9      | 10987 ||| DROPPING potion of attraction.
 10988 | D:9      | 10988 ||| DROPPING potion of ambrosia.
 10989 | D:9      | 10989 ||| DROPPING potion of lignification.
 10990 | D:9      | 10990 ||| DROPPING potion of magic.
 10991 | D:9      | 10991 ||| READING 5 scrolls of teleportation.
 11127 | D:9      | 11127 ||| READING 4 scrolls of teleportation.
 11282 | D:9      | 11282 ||| PLANNING LAIR
 11314 | Lair:1   | Entered Level 1 of the Lair of Beasts
 11314 | Lair:1   | Noticed an elephant
 11314 | Lair:1   | Noticed an elephant
 11314 | Lair:1   | Noticed an elephant
 11314 | Lair:1   | Noticed an elephant
 11314 | Lair:1   | Noticed an elephant
 11322 | Lair:1   | Killed an elephant
 11325 | Lair:1   | 11325 ||| INVOKING Berserk.
 11329 | Lair:1   | Killed an elephant
 11330 | Lair:1   | Reached skill level 12 in Axes
 11332 | Lair:1   | Killed an elephant
 11332 | Lair:1   | HP: 31/124 [basilisk (8)]
 11333 | Lair:1   | Killed an elephant
 11340 | Lair:1   | HP: 17/83 [elephant (1)]
 11343 | Lair:1   | 11343 ||| READING 3 scrolls of teleportation.
 11343 | Lair:1   | Slain by an elephant

Levels and vault maps discovered:
D:1:      mrwooster_arrival_statue, layout_basic
D:2:      layout_basic, minmay_goblin_kobold_house
D:3:      layout_basic, mainiacjoe_overflow_brackets,
          mainiacjoe_overflow_tiny_flanked, lemuel_crystal_altar,
          okawaru_trees_2, nzn_hepliaklqana_mist_gate
D:4:      layout_layer_cave, mainiacjoe_overflow_chevrons, minmay_between,
          uniq_sigmund
D:5:      layout_rooms, mainiacjoe_overflow_small_starburst
D:6:      layout_cave_pools, minmay_temple_entry_water_ring,
          nicolae_fountain_basement
D:7:      layout_layer_cave, nemelex_dance_club_becter,
          mainiacjoe_overflow_boulevard, nicolae_underground_beach,
          uniq_menkaure, uniq_duvessa
D:8:      layout_layer_cave, eat_drink_and_be_merry_uskayaw,
          hangedman_abyss_or_decor_stabs
D:9:      layout_long_grid, doesnt_xom_only_xom, overflow_temple_1_default,
          lair_entry_dummy, serial_shops, nicolae_shop_window_shopping,
          lemuel_flamethrower_2
Lair:1:   layout_cave_pods, gammafunk_lair_bear_cave

Skill      XL: |  1  2  3  4  5  6  7  8  9 10 |
---------------+-------------------------------+-----
Axes           | 4 5 6 7 8 9 11 12 | 12.1
Fighting       | 4 5 6 |  6.1
Armour         | 4 5 7 |  7.0
Shields        | 5 9 11 12 | 12.0
Throwing       | 2 |  2.0
Dodging        | |  2.1

Action                   |  1- 3 |  4- 6 |  7- 9 | 10-12 || total
-------------------------+-------+-------+-------+-------++-------
Melee: Hand axe          |    76 |    57 |   262 |       ||   395
       Headbutt          |     9 |     9 |    58 |    10 ||    86
       Punch             |       |     1 |     1 |       ||     2
       War axe           |       |       |    96 |    34 ||   130
Throw: Boomerang         |       |       |    21 |       ||    21
Invok: Berserk           |     1 |     4 |    11 |     1 ||    17
  Use: Scroll            |     2 |       |    13 |     6 ||    21
       Potion            |     1 |       |     5 |     1 ||     7
Armor: Animal skin       |    12 |       |       |       ||    12
       Ring mail         |    15 |    25 |       |       ||    40
       Plate armour      |       |       |   134 |    39 ||   173
Dodge: Dodged            |    37 |    28 |    45 |    25 ||   135
Block: Tower shield      |       |       |   165 |    41 ||   206

Table legend:
 A = Non-vault XP
 B = Vault XP
 C = Vault XP percentage of total XP
 D = Non-vault monster count
 E = Vault monster count
 F = Vault count percentage of total count
                 A         B        C        D         E       F
            +---------+---------+-------+---------+---------+-------
      Total |    7219 |    1031 |  12.5 |     154 |      19 |  11.0
            +---------+---------+-------+---------+---------+-------
        D:1 |      46 |       0 |   0.0 |      18 |       0 |   0.0
        D:2 |      71 |      16 |  18.4 |      16 |       8 |  33.3
        D:3 |     111 |       0 |   0.0 |      30 |       0 |   0.0
        D:4 |     253 |     384 |  60.3 |      16 |       4 |  20.0
        D:5 |     703 |       0 |   0.0 |      14 |       0 |   0.0
        D:6 |     305 |     124 |  28.9 |       9 |       2 |  18.2
        D:7 |    1028 |     507 |  33.0 |      17 |       5 |  22.7
        D:8 |     920 |       0 |   0.0 |      20 |       0 |   0.0
        D:9 |    1750 |       0 |   0.0 |       9 |       0 |   0.0
     Lair:1 |    2032 |       0 |   0.0 |       5 |       0 |   0.0
            +---------+---------+-------+---------+---------+-------
